 Dungeon Crawl Stone Soup version 0.28-b1-1-g3c77fb2ed1 (webtiles) character file.

Game seed: 4490829078290214483

16 Descartes the Grasshopper (level 2, 9/22 HPs)
             Began as a Formicid Warper on Jan 28, 2022.
             Was a Believer of Lugonu.
             Got out of the dungeon alive.
             The game lasted 00:01:19 (522 turns).

Descartes the Grasshopper (Formicid Warper)          Turns: 522, Time: 00:01:20

Health: 9/22       AC:  3    Str: 15    XL:     2   Next: 70%
Magic:  5/5        EV: 11    Int: 12    God:    Lugonu [**....]
Gold:   26         SH:  0    Dex: 10    Spells: 5/5 levels left

rFire   . . .      SeeInvis +   a - +0 mace
rCold   . . .      Faith    .   (no shield)
rNeg    . . .      Spirit   .   b - +0 leather armour
rPois   .          Reflect  .   (helmet unavailable)
rElec   .          Harm     .   (no cloak)
rCorr   .          Rampage  .   (no gloves)
Will    .....                   (no boots)
Stlth   +.........              (no amulet)
HPRegen 0.07/turn               (no ring)
MPRegen 0.09/turn               (no ring)

@: no status effects
A: permanent stasis, dig shafts and tunnels, antennae 3, four strong arms
a: Dig, Shaft Self, Renounce Religion, Depart the Abyss, Bend Space


You escaped.
You worshipped Lugonu.
Lugonu was pleased with you.
You visited 1 branch of the dungeon, and saw 1 of its levels.

You collected 26 gold pieces.

Inventory:

Hand Weapons
 a - a +0 mace (weapon)
Missiles
 c - 5 boomerangs of dispersal (quivered)
 g - 7 poisoned darts
 i - 4 stones
Armour
 b - a +0 leather armour (worn)
Scrolls
 d - 2 scrolls of amnesia {unknown}
 h - a scroll of magic mapping {unknown}
Potions
 e - a potion of curing {unknown}
 f - a potion of magic {unknown}
 j - a potion of flight {unknown}


   Skills:
 - Level 2.1 Fighting
 - Level 2.0 Maces & Flails
 - Level 1.0 Throwing
 + Level 1.4 Armour
 - Level 1.7 Dodging
 - Level 2.1 Spellcasting
 + Level 3.3 Translocations


You had 5 spell levels left.
You didn't know any spells.
Your spell library contained the following spells:

 Spells                   Type           Power      Damage    Failure   Level
 Gell's Gravitas          Tloc           9%         N/A       26%         3
 Lesser Beckoning         Tloc           9%         N/A       26%         3
 Teleport Other           Tloc           9%         N/A       26%         3
 Manifold Assault         Tloc           9%         N/A       93%         5
 Blink                    Tloc           Unusable   N/A       N/A         2

Dungeon Overview and Level Annotations

Branches:
Dungeon (1/15)

Altars:
Lugonu


Innate Abilities, Weirdness & Mutations

You cannot be hasted, slowed, berserked, paralysed or teleported.
You can dig through walls and to a lower floor.
You have a pair of large antennae on your head. (SInv)
Your four strong arms can wield two-handed weapons with a shield.


Message History

The ball python bites you but does no damage.
The ball python constricts you.
You closely miss the ball python.
The ball python is severely wounded.
The ball python barely misses you. The ball python constricts you.
* * * LOW HITPOINT WARNING * * *
You hit the ball python.
You kill the ball python!
There is a faded altar of an unknown god here.
You see here a +0 whip.
You cannot tell which god this altar belongs to.
Convert to them anyway?
Lugonu accepts your prayer! Lugonu welcomes you!
You can now depart the Abyss.
You can now bend space around yourself.
A ball python comes into view.
A ball python is nearby!
You are too injured to fight recklessly!
You are too injured to fight recklessly!
You are too injured to fight recklessly!
You are too injured to fight recklessly!
You are too injured to fight recklessly!
You are too injured to fight recklessly!
You are too injured to fight recklessly!
You are too injured to fight recklessly!
You are too injured to fight recklessly!
The ball python hisses angrily.
The ball python bites you but does no damage.
The ball python closely misses you.
You barely miss the ball python.
The ball python bites you but does no damage.
The ball python grabs you. The ball python constricts you.
* * * LOW HITPOINT WARNING * * *
You hit the ball python.
You kill the ball python!
Lugonu accepts your kill.
j - a black potion
There is an open door here.
There is a staircase leading out of the dungeon here.
Are you sure you want to leave the Dungeon?
This will make you lose the game!
You have escaped!

..........................#
............####'####.....#
.......##..##PP#.#PP#####..
.......##.##P≈≈#.#P.P## ...
......#####P≈≈≈#.#.P.P##
......# #P≈≈≈≈#.#....P#
......# #P≈≈≈≈#.#...PP#
###.### #######.#######
+.)....@......+
#######.#######
#PP...#.#≈≈≈≈P#
#P....#.#≈≈≈≈P#
##P...#.#≈≈≈P##
##P..#.#≈≈P## ##PP#.#PP##
####+####


There were no monsters in sight!

Vanquished Creatures
  2 ball pythons (D:1)
  A goblin (D:1)
  4 hobgoblins (D:1)
  A quokka (D:1)
  A bat (D:1)
  2 frilled lizards (D:1)
  2 kobolds (D:1)
  2 rats (D:1)
15 creatures vanquished.

Notes
Turn   | Place    | Note
-------+----------+-------------------------------------------
     0 | D:1      | Descartes the Formicid Warper began the quest for the Orb.
     0 | D:1      | Reached XP level 1. HP: 16/16 MP: 3/3
    78 | D:1      | Reached skill level 3 in Translocations
   271 | D:1      | Reached XP level 2. HP: 17/22 MP: 5/5
   449 | D:1      | Found a faded altar of an unknown god.
   465 | D:1      | Prayed at the altar of an unknown god.
   465 | D:1      | Became a worshipper of Lugonu the Unformed
   465 | D:1      | Reached * piety under Lugonu
   465 | D:1      | Reached ** piety under Lugonu
   522 | D:$      | Got out of the dungeon alive.

Illustrated notes

Levels and vault maps discovered:
D:1:      psy_arrival_terrarium, layout_rooms,
          hellmonk_ecumenical_altar_lost_god, minmay_misc_feat_chi,
          nicolae_concentric_dashed_squares_mild

Skill      XL: |  1 |
---------------+----+-----
Translocations | 3 |  3.3
Fighting       | |  2.1
Maces & Flails | |  2.0
Throwing       | |  1.0
Armour         | |  1.4
Dodging        | |  1.7
Spellcasting   | |  2.1

Action                   || total
-------------------------++-------
Melee: Mace              ||    47
       Punch             ||     1
Armor: Leather armour    ||    17
Dodge: Dodged            ||    31
